 Dungeon Crawl Stone Soup version 0.27-a0-1502-g47ed6a6988 (webtiles) character file.

Game seed: 18340832632508878419

470 ktje the Firebug (level 6, -3/47 HPs)
             Began as a Draconian Fire Elementalist on July 9, 2021.
             Was an Initiate of Sif Muna.
             Shot with an arrow by a centaur (6 damage)
             ... on level 4 of the Dungeon.
             The game lasted 00:48:47 (5331 turns).

ktje the Firebug (Draconian Fire Elementalist)      Turns: 5331, Time: 00:48:48

Health: -3/47      AC:  7    Str: 11    XL:     6   Next: 82%
Magic:  8/11       EV: 12    Int: 17    God:    Sif Muna [......]
Gold:   126        SH:  0    Dex: 11    Spells: 8/12 levels left

rFire    . . .     SeeInvis .   k - +2 dagger (pain)
rCold    . . .     Faith    .   (no shield)
rNeg     . . .     Spirit   .   (armour unavailable)
rPois    .         Reflect  .   (helmet restricted)
rElec    .         Harm     .   (no cloak)
rCorr    .         Rampage  .   (no gloves)
Will     .....                  d - +0 pair of boots
Stlth    ++........             (no amulet)
HPRegen  0.15/turn              (no ring)
MPRegen  0.12/turn              (no ring)

@: no status effects
A: AC +6, unfitting armour, cold-blooded
a: Renounce Religion


You were on level 4 of the Dungeon.
You worshipped Sif Muna.
Sif Muna was noncommittal.
You visited 2 branches of the dungeon, and saw 5 of its levels.

You collected 146 gold pieces.
You spent 20 gold pieces at shops.

Inventory:

Hand Weapons
 a - a +1 dagger of pain
 i - a +6 vorpal hand crossbow
 k - a +2 dagger of pain (weapon)
Missiles
 b - 101 stones
 f - 4 boomerangs
 j - 30 arrows
Armour
 d - a +0 pair of boots (worn)
 h - a +0 buckler
Potions
 c - a potion of attraction
 e - a potion of flight {unknown}
 l - a potion of brilliance {unknown}
 m - a potion of mutation {unknown}


   Skills:
 + Level 1.5 Fighting
 + Level 0.8 Short Blades
 + Level 1.8 Crossbows
 + Level 2.1 Dodging
 + Level 2.5 Stealth
 + Level 3.5 Spellcasting
 + Level 3.6 Conjurations
 + Level 4.4 Fire Magic


You had 8 spell levels left.
You knew the following spells:

 Your Spells              Type           Power      Damage    Failure   Level
a - Foxfire               Conj/Fire      64%        2x1d7     3%          1
b - Conjure Flame         Conj/Fire      16%        6-21      10%         3

Your spell library contained the following spells:

 Spells                   Type           Power      Damage    Failure   Level
 Beastly Appendage        Tmut           6%         N/A       17%         1
 Inner Flame              Hex/Fire       10%        N/A       21%         3
 Wereblood                Tmut           3%         N/A       26%         2
 Sticky Flame             Conj/Fire      16%        2d4       32%         4
 Spider Form              Tmut/Pois      1%         N/A       45%         3
 Fireball                 Conj/Fire      8%         3d6       65%         5


Dungeon Overview and Level Annotations

Branches:
Dungeon (4/15)             Temple (1/1) D:4

Altars:
Cheibriados
Dithmenos
Elyvilon
Fedhas
Gozag
Hepliaklqana
Kikubaaqudgha
Nemelex Xobeh
Okawaru
Qazlal
Sif Muna
Trog
Vehumet
Wu Jian
Xom
Yredelemnul
Zin
The Shining One
Beogh

Shops:
D:2 ?

Annotations:
D:3 3 runed translucent doors, RBrandon's ghost, amateur DjCK


Innate Abilities, Weirdness & Mutations

Your plain brown scales are hard. (AC +6)
You cannot fit into any form of body armour.
You are cold-blooded and may be slowed by cold attacks.


Message History

Found an ancient bone altar of Kikubaaqudgha.
The centaur shouts!
Really attack while wielding your +6 vorpal hand crossbow? [Y]es or [N]o only, please.
Really attack while wielding your +6 vorpal hand crossbow?
Okay, then.
The centaur hits the withered plant.
The withered plant begins to crumble.
The centaur kicks the withered plant.
Casting: Foxfire (safe; 3% risk of failure)
Confirm with . or Enter, or press ? or * to list all spells.
You conjure some foxfire!
The centaur hits the withered plant.
The centaur kicks the withered plant.
The ogre misses you.
The centaur hits the withered plant.
The centaur kicks the withered plant.
Unknown command.
Really attack while wielding your +6 vorpal hand crossbow?
Okay, then.
You have a feeling of ineptitude.
k - a +2 dagger of pain (weapon)
The foxfire hits the ogre.
The ogre is severely wounded.
The foxfire hits the ogre.
The ogre is almost dead.
You hit the withered plant.
The withered plant begins to crumble.
The withered plant is lightly damaged.
The centaur hits the withered plant.
The centaur kicks the withered plant.
The ogre barely misses you.
The centaur hits the withered plant.
The centaur kicks the withered plant.
You hit the ogre.
You kill the ogre!
Sif Muna accepts your kill.
The withered plant crumbles away.
The centaur wields a +0 shortbow.
The centaur shoots an arrow.
The arrow hits you.
* * * LOW HITPOINT WARNING * * *
The centaur shoots an arrow.
The arrow hits you.
* * * LOW HITPOINT WARNING * * *
The withered plant crumbles away.
The centaur shoots an arrow.
The arrow barely misses you.
The centaur shoots an arrow.
The arrow hits you.
You die...

#.#⌠#..# ##.###..##
.........#
###..###.############
###.##
#............#####
.....
#########....#P..#
..##.# #.##..P...
5..... #.#..P.PPP
..##.## #@#...P#. ###
.# #.#...###. #
#.c....... #
#..P...... #
##.##.._.. # #.# ....
# #.# ### # #.. ###
###


You could see a centaur.

Vanquished Creatures
  An ice beast (D:3)
  2 ogres (D:4)
  A water moccasin skeleton (D:3)
  An iguana (D:4)
  5 adders
  An adder skeleton (D:3)
  3 worms
  2 dart slugs
  5 orcs (D:2)
  8 endoplasms
  4 giant cockroaches
  6 goblins
  5 hobgoblins
  A jackal (D:1)
  8 kobolds
  2 quokkas
  4 ball pythons
  7 bats
  5 frilled lizards
  6 rats
77 creatures vanquished.

Vanquished Creatures (others)
  195 foxfires
  2 withered plants (D:4)
197 creatures vanquished.

Grand Total: 274 creatures vanquished

Notes
Turn   | Place    | Note
-------+----------+-------------------------------------------
     0 | D:1      | ktje the Draconian Fire Elementalist began the quest for
                  | the Orb.
     0 | D:1      | Reached XP level 1. HP: 14/14 MP: 3/3
   357 | D:1      | Reached XP level 2. HP: 20/20 MP: 3/5
  1110 | D:1      | Reached XP level 3. HP: 26/26 MP: 4/6
  2057 | D:2      | Found Sagoocuk's Magic Scroll Shoppe.
  2062 | D:2      | Bought a scroll of identify for 20 gold pieces
  2862 | D:2      | Reached XP level 4. HP: 34/34 MP: 3/7
  3595 | D:3      | Found an ornate altar of the Wu Jian Council.
  3791 | D:3      | Noticed an ice beast
  3812 | D:3      | Killed an ice beast
  3813 | D:3      | Reached skill level 1 in Fighting
  3813 | D:3      | Reached skill level 4 in Fire Magic
  3813 | D:3      | Reached XP level 5. HP: 12/40 MP: 7/9
  4293 | D:3      | Found a snail-covered altar of Cheibriados.
  4293 | D:3      | Noticed a torpor snail
  4293 | D:3      | Noticed a torpor snail
  4295 | D:3      | Noticed a torpor snail
  4389 | D:3      | Found a runed translucent gate.
  4389 | D:3      | Noticed RBrandon's ghost (amateur DjCK)
  4389 | D:3      | Identified the +9 hunting sling "Ihuhyrr" {flame, rC+
                  | Int+3}
  4645 | D:3      | Reached XP level 6. HP: 47/47 MP: 9/11
  4854 | D:3      | Found a runed translucent gate.
  4855 | D:3      | Found a runed translucent gate.
  4928 | D:4      | Found a staircase to the Ecumenical Temple.
  4934 | Temple   | Entered the Ecumenical Temple
  4998 | Temple   | Became a worshipper of Sif Muna the Loreminder
  5090 | D:4      | Reached skill level 1 in Crossbows
  5211 | D:4      | Learned a level 3 spell: Conjure Flame
  5322 | D:4      | Found an ancient bone altar of Kikubaaqudgha.
  5331 | D:4      | Shot with an arrow by a centaur

Illustrated notes

Levels and vault maps discovered:
D:1:      shiori_arrival_maze, layout_basic, st_stairs_2, hex_tiny,
          bh_walls_and_bars
D:2:      layout_loops_cross, serial_shops, shop_statue, minmay_puff
D:3:      layout_loops_cross, cheibriados_altar_2,
          nicolae_wu_jian_immortal_techniques, biasface_ghost_orc_armoury,
          minmay_checkerbox
D:4:      layout_loops_ring, ashenzari_conservatory_becter,
          kiku_gazebo_garden_becter, minmay_temple_entry_fiery,
          chequers_serial_rivers_large_a, minmay_misc_feat_plants,
          feat_on_display
Temple:   regret_index_temple_waves

Skill      XL: |  1  2  3  4  5  6 |
---------------+-------------------+-----
Stealth        | 2 |  2.5
Dodging        | 2 |  2.1
Conjurations   | 2 3 |  3.6
Fighting       | 1 |  1.5
Spellcasting   | 3 |  3.5
Fire Magic     | 4 |  4.4
Crossbows      | 1 |  1.8
Short Blades   | |  0.8

Action                   |  1- 3 |  4- 6 || total
-------------------------+-------+-------++-------
Melee: Unarmed           |     9 |       ||     9
       Dagger            |    38 |     8 ||    46
       Tailslap          |     2 |     2 ||     4
 Fire: Hand crossbow     |       |    30 ||    30
 Cast: Foxfire           |    92 |    45 ||   137
       Conjure Flame     |       |     3 ||     3
  Use: Scroll            |     1 |     3 ||     4
Armor: Skin              |    16 |     7 ||    23
Dodge: Dodged            |    19 |    18 ||    37

Table legend: (Time is in decaauts)
 A = Elapsed time spent in this place.
 B = Non-inter-level travel time spent in this place.
 C = Inter-level travel time spent in this place.
 D = Time resting spent in this place.
 E = Time spent auto-exploring this place.
 F = Levels seen in this place.
 G = Mean time per level.
                   A        B        C        D        E       F      G
               +--------+--------+--------+--------+--------+-----+--------+
         Total |   5349 |   5228 |    121 |   1970 |   2218 |   5 | 1069.8 |
       Dungeon |   5213 |   5110 |    103 |   1970 |   2168 |   4 | 1303.2 |
        Temple |    136 |    118 |     18 |      0 |     50 |   1 |  136.0 |
               +--------+--------+--------+--------+--------+-----+--------+

Top non-repeatable levels by time:
     D:1: 1726 daAuts
     D:2: 1638 daAuts
     D:3: 1564 daAuts
     D:4: 283 daAuts
  Temple: 136 daAuts
